 Dungeon Crawl Stone Soup version 0.21-a0-104-g7b58145 (webtiles) character file.

163 HAL9000 the Ruffian (level 5, -6/45 HPs)
             Began as a Draconian Transmuter on July 6, 2017.
             Killed by nerve-wracking pain
             ... invoked by Menkaure
              (14 damage)
             ... on level 4 of the Dungeon.
             The game lasted 00:07:21 (2993 turns).

HAL9000 the Ruffian (Draconian Transmuter)          Turns: 2993, Time: 00:07:21

Health: -6/45      AC:  7    Str: 13    XL:     5   Next: 20%
Magic:  0/8        EV: 12    Int: 14    God:
Gold:   125        SH:  0    Dex: 11    Spells: 2/8 levels left

rFire    . . .     SeeInvis .     - Unarmed
rCold    . . .     Gourm    .   (no shield)
rNeg     . . .     Faith    .   (armour unavailable)
rPois    .         Spirit   .   A - +2 hat
rElec    .         Reflect  .   (no cloak)
rCorr    .         Harm     .   (no gloves)
MR       .....                  (no boots)
Stlth    ++........             (no amulet)
HPRegen  0.15/turn              x - ring of stealth
MPRegen  0.11/turn              (no ring)

@: very slightly contaminated
A: unfitting armour, cold-blooded, AC +5
a: no special abilities


You were on level 4 of the Dungeon.
You were not hungry.

You visited 1 branch of the dungeon, and saw 4 of its levels.

You collected 125 gold pieces.

Inventory:

Missiles
 a - 60 arrows
 B - a throwing net (quivered)
Armour
 A - a +2 hat (worn)
Jewellery
 x - a ring of stealth (left hand)
Scrolls
 g - 4 scrolls of fog {unknown}
 i - a scroll of recharging {unknown}
 j - 3 scrolls of teleportation {unknown}
 m - 3 scrolls of remove curse {unknown}
 o - a scroll of enchant armour {unknown}
 p - a scroll of amnesia {unknown}
 u - 2 scrolls of identify {unknown}
 y - a scroll of blinking {unknown}
Potions
 d - 2 potions of heal wounds {unknown}
 e - 2 potions of curing {unknown}
 h - a potion of resistance {unknown}
 k - 2 potions of berserk rage {unknown}
 q - a potion of haste {unknown}
 r - a potion of brilliance {unknown}
 t - a potion of cancellation {unknown}
Books
 b - a book of Changes

   Spells                             Type                      Level
   a - Beastly Appendage              Transmutation                1
   b - Sticks to Snakes               Transmutation                2
   c - Spider Form                    Transmutation/Poison         3
   d - Ice Form                       Ice/Transmutation            4
   e - Blade Hands                    Transmutation                5
 s - a book of Maledictions

   Spells                             Type                      Level
   a - Corona                         Hexes                        1
   b - Ensorcelled Hibernation        Hexes/Ice                    2
   c - Confuse                        Hexes                        3
   d - Tukima's Dance                 Hexes                        3
   e - Dazzling Spray                 Conjuration/Hexes            3
Comestibles
 c - 2 bread rations
 v - 4 meat rations
 z - a royal jelly
 C - 3 chunks of flesh


   Skills:
 + Level 3.3 Fighting
 - Level 1.7 Dodging
 + Level 4.2 Unarmed Combat
 - Level 2.0 Spellcasting
 + Level 3.3 Transmutations


You had 2 spell levels left.
You knew the following spells:

 Your Spells              Type           Power        Failure   Level  Hunger
a - Beastly Appendage     Tmut           ##....       6%          1    ##.....
b - Sticks to Snakes      Tmut           ##......     9%          2    ###....
c - Spider Form           Tmut/Pois      #.........   34%         3    ####...


Dungeon Overview and Level Annotations

Branches:
Dungeon (4/15)
 Temple: D:4-7

Altars:
Okawaru

Annotations:
D:4 Menkaure


Innate Abilities, Weirdness & Mutations

Your plain brown scales are hard. (AC +5)
You cannot fit into any form of body armour.
You are cold-blooded and may be slowed by cold attacks.


Message History

Your ball python convulses!
Casting: Sticks to Snakes
Confirm with . or Enter, or press ? or * to list all spells.
You create a snake!
You now have 60 arrows.
The bat barely misses you.
The bat struggles to escape constriction.
Your ball python bites the bat.
Your ball python constricts the bat.
The bat barely misses you.
Menkaure calls on the powers of darkness!
Your body is wracked with pain!
* * * LOW HITPOINT WARNING * * *
You hit the bat.
You kill the bat!
Menkaure hits your ball python!
Your ball python dies!
Unknown command.
Your ball python bites Menkaure but does no damage.
Your ball python grabs Menkaure.
Your ball python constricts Menkaure.
Menkaure casts a spell at you. Pain shoots through your body!
You die...

#### #.. #.# #)# #########
######.####### #..?...?#
#.....)......# #.......#
#.####)#####.#.
#.......####.####.####....
.........@.............#
#.....M.######......#.....
#.....S.# #............
........# #..###..##...
######### #..+ +..##...
#..###.......
#......###...
.......#....###...
#########...#<....


You could see Menkaure and a friendly ball python.

Vanquished Creatures
  A hound (D:4)
  4 gnolls (D:4)
  2 adders (D:3)
  5 dart slugs
  2 leopard geckos (D:2)
  2 orcs (D:3)
  2 ball pythons (D:3)
  6 giant cockroaches
  8 goblins
  5 hobgoblins (D:2)
  8 jackals (D:1)
  3 kobolds
  A quokka (D:3)
  4 bats
  5 frilled lizards
  3 rats
  A plant (D:1)
62 creatures vanquished.

Vanquished Creatures (others)
  A plant (D:1)
1 creature vanquished.

Grand Total: 63 creatures vanquished

Notes
Turn   | Place    | Note
-------+----------+-------------------------------------------
     0 | D:1      | HAL9000 the Draconian Transmuter began the quest for the Orb.
     0 | D:1      | Reached XP level 1. HP: 16/16 MP: 3/3
   156 | D:1      | Reached XP level 2. HP: 23/23 MP: 3/5
   369 | D:1      | Learned a level 2 spell: Sticks to Snakes
   701 | D:1      | Reached XP level 3. HP: 23/29 MP: 4/6
   890 | D:2      | Learned a level 3 spell: Spider Form
  1433 | D:2      | Found a faded altar of an unknown god.
  1727 | D:2      | Found an iron altar of Okawaru.
  2030 | D:3      | Reached XP level 4. HP: 33/37 MP: 5/7
  2732 | D:4      | Reached skill level 4 in Unarmed Combat
  2790 | D:4      | Reached XP level 5. HP: 23/45 MP: 4/8
  2983 | D:4      | Noticed Menkaure
  2993 | D:4      | Killed from afar by Menkaure

Vault maps used:
D:1:      minmay_arrival_open_corners, serial_forest, infiniplex_forest_split,
          infiniplex_forest_end_3, infiniplex_forest_clump_cross,
          infiniplex_forest_clump_diagonal, infiniplex_forest_lined_room_2,
          infiniplex_forest_zigzag_1, infiniplex_forest_end_2,
          infiniplex_forest_end_1, infiniplex_forest_straight_2,
          dk_noncrumbling_3
D:2:      marbit_many_paths, first_bread, chequers_ecumenical_altar_simple_redux
D:4:      serial_shops, kennysheep_mini_moat, grunt_qazlal_clouds, uniq_menkaure

Skill      XL: |  1  2  3  4 |
---------------+-------------+-----
Fighting       | 2 3 |  3.3
Transmutations | 3 |  3.3
Unarmed Combat | 4 |  4.2
Dodging        | |  1.7
Spellcasting   | |  2.0

Action                   |  1- 3 |  4- 6 || total
-------------------------+-------+-------++-------
Melee: Unarmed           |   192 |    60 ||   252
       Tailslap          |    23 |     4 ||    27
       Kick              |     7 |       ||     7
       Headbutt          |    11 |       ||    11
       Punch             |     2 |     1 ||     3
 Cast: Beastly Appendage |    16 |     2 ||    18
       Spider Form       |       |     4 ||     4
       Sticks to Snakes  |       |     3 ||     3
 Abil: End Transformatio |       |     3 ||     3
 Stab: Sleeping          |     1 |     2 ||     3
  Eat: Chunk             |     4 |     4 ||     8
Armor: Skin              |    45 |    12 ||    57
Dodge: Dodged            |   102 |    56 ||   158
